General information
- name: BNet
- type: Ladder team game (AT/RT)
- host: Battle.net
- saver: Raperaperape
map: Deathknell
- players: 8
- length: 54:45
- speed: Fast
- version: 1.26 W3XP
- replay type: Public
» download(256 KB)
Players
team 1 (loser)

»
300_SPARTA (
orange | 93 APM | 3639 actions | 39:17)
7 Death Knight
3 Death Coil
3 Unholy Aura
1 Animate Dead
» actions
| Assign group hotkey | 17 | |
| Basic commands | 111 | |
| Build / train | 49 | |
| ESC pressed | 2 | |
| Enter build submenu | 23 | |
| Enter hero's abilities submenu | 7 | |
| Give item / drop item | 2 | |
| Right click | 1347 | |
| Select / deselect | 356 | |
| Select group hotkey | 1666 | |
| Use ability | 59 | |
3639 total
» units
| Acolyte | 16 | |
| Ghoul | 4 | |
| Goblin Shredder | 1 | |
| Frost Wyrm | 7 | |
28 total
» upgrades
| Creature Attack | 3 | |
| Creature Carapace | 3 | |
6 total
» buildings
| Crypt | 1 | |
| Graveyard | 1 | |
| Halls of the Dead | 1 | |
| Ziggurat | 6 | |
| Tomb of Relics | 1 | |
| Altar of Darkness | 1 | |
| Black Citadel | 1 | |
| Sacrificial Pit | 1 | |
| Boneyard | 3 | |
| Necropolis | 2 | |
18 total
» build order
00:46 Crypt
00:57 Graveyard
02:18 Halls of the Dead
03:31 Ziggurat
03:36 Ziggurat
03:42 Tomb of Relics
03:50 Altar of Darkness
05:36 Black Citadel
05:43 Sacrificial Pit
08:10 Boneyard
08:11 Boneyard
08:15 Boneyard
08:36 Ziggurat
08:46 Ziggurat
09:20 Necropolis
11:41 Ziggurat
13:18 Ziggurat
19:09 Necropolis
» items
| Rod of Necromancy | 1 | |
| Orb of Corruption | 1 | |
| Potion of Healing | 2 | |
| Scroll of Town Portal | 1 | |
5 total

»
butteryomelet (
teal | 29 APM | 1594 actions | 54:44)
5 Blademaster
3 Wind Walk
2 Critical Strike
3 Shadow Hunter
2 Healing Wave
1 Hex
» actions
| Basic commands | 9 | |
| Build / train | 78 | |
| Enter build submenu | 48 | |
| Enter hero's abilities submenu | 9 | |
| Remove unit from queue | 3 | |
| Right click | 820 | |
| Select / deselect | 477 | |
| Use ability | 150 | |
1594 total
» units
| Peon | 14 | |
| Grunt | 6 | |
| Shaman | 5 | |
| Spirit Walker | 3 | |
| Goblin Shredder | 1 | |
| Troll Witch Doctor | 2 | |
| Tauren | 5 | |
36 total
» upgrades
| Spiked Barricades | 1 | |
| Shaman Training | 2 | |
| Witch Doctor Training | 2 | |
| Spirit Walker Training | 2 | |
| Berserker Strength | 1 | |
| Melee Weapons | 3 | |
| Pulverize | 1 | |
| Pillage | 1 | |
| Armor | 1 | |
14 total
» buildings
| Altar of Storms | 1 | |
| Barracks | 1 | |
| Orc Burrow | 9 | |
| Voodoo Lounge | 1 | |
| Stronghold | 1 | |
| War Mill | 1 | |
| Spirit Lodge | 2 | |
| Great Hall | 3 | |
| Fortress | 1 | |
| Watch Tower | 8 | |
| Tauren Totem | 2 | |
30 total
» build order
00:20 Altar of Storms
00:34 Barracks
00:49 Orc Burrow
01:37 Voodoo Lounge
01:49 Orc Burrow
02:59 Stronghold
03:32 Orc Burrow
04:14 War Mill
05:26 Spirit Lodge
05:41 Spirit Lodge
06:03 Orc Burrow
07:04 Great Hall
07:19 Fortress
08:40 Orc Burrow
10:49 Watch Tower
10:52 Watch Tower
10:54 Watch Tower
10:56 Watch Tower
13:10 Watch Tower
13:14 Watch Tower
14:12 Tauren Totem
14:14 Tauren Totem
14:33 Watch Tower
15:15 Orc Burrow
15:20 Orc Burrow
15:25 Orc Burrow
16:48 Watch Tower
23:55 Great Hall
27:01 Great Hall
34:25 Orc Burrow
» items
| Healing Salve | 1 | |
| Orb of Lightning | 1 | |
| Potion of Healing | 4 | |
| Potion of Mana | 2 | |
| Scroll of Speed | 1 | |
| Scroll of Town Portal | 1 | |
10 total
BUTTERFINGER- (
green | 38 APM | 1899 actions | 50:30)
7 Blademaster
3 Wind Walk
3 Critical Strike
1 Bladestorm
» actions
| Assign group hotkey | 53 | |
| Basic commands | 177 | |
| Build / train | 74 | |
| Enter build submenu | 17 | |
| Enter hero's abilities submenu | 7 | |
| Give item / drop item | 6 | |
| Right click | 695 | |
| Select / deselect | 256 | |
| Select group hotkey | 521 | |
| Use ability | 93 | |
1899 total
» units
| Peon | 13 | |
| Wind Rider | 11 | |
| Goblin Shredder | 1 | |
| Goblin Sapper | 23 | |
| Raider | 1 | |
49 total
» upgrades
| Reinforced Defenses | 1 | |
| Ranged Weapons | 2 | |
| Armor | 2 | |
| Envenomed Spears | 1 | |
6 total
» buildings
| Altar of Storms | 1 | |
| Orc Burrow | 6 | |
| Voodoo Lounge | 1 | |
| War Mill | 1 | |
| Stronghold | 2 | |
| Watch Tower | 4 | |
| Beastiary | 3 | |
| Fortress | 2 | |
20 total
» build order
00:21 Altar of Storms
00:27 Orc Burrow
00:59 Voodoo Lounge
01:56 War Mill
02:15 Stronghold
02:15 Stronghold
02:45 Orc Burrow
03:18 Watch Tower
03:20 Watch Tower
03:43 Orc Burrow
04:37 Beastiary
04:58 Beastiary
06:00 Fortress
06:12 Watch Tower
06:47 Watch Tower
07:11 Orc Burrow
09:46 Beastiary
10:41 Orc Burrow
10:41 Orc Burrow
» items
| Healing Salve | 4 | |
| Lesser Clarity Potion | 1 | |
| Tiny Great Hall | 1 | |
| Orb of Lightning | 1 | |
7 total
KnifeSociety (
pink | 39 APM | 2118 actions | 54:44)
7 Archmage
2 Summon Water Elemental
3 Brilliance Aura
1 Mass Teleport
1 Blizzard
» actions
| Assign group hotkey | 53 | |
| Basic commands | 221 | |
| Build / train | 69 | |
| Enter build submenu | 36 | |
| Enter hero's abilities submenu | 7 | |
| Give item / drop item | 7 | |
| Right click | 698 | |
| Select / deselect | 400 | |
| Select group hotkey | 484 | |
| Use ability | 143 | |
2118 total
» units
| Peasant | 15 | |
| Footman | 5 | |
| Goblin Shredder | 1 | |
| Gryphon Rider | 7 | |
| Dragonhawk Rider | 5 | |
33 total
» upgrades
| Masonry | 3 | |
| Storm Hammers | 1 | |
| Swords | 3 | |
| Armor | 3 | |
| Animal War Training | 1 | |
| Cloud | 1 | |
12 total
» buildings
| Altar of Kings | 1 | |
| Barracks | 1 | |
| Farm | 12 | |
| Keep | 1 | |
| Town Hall | 8 | |
| Lumber Mill | 1 | |
| Scout Tower | 1 | |
| Arcane Vault | 2 | |
| Arcane Tower | 1 | |
| Castle | 1 | |
| Gryphon Aviary | 4 | |
| Blacksmith | 2 | |
35 total
» build order
00:37 Altar of Kings
00:39 Barracks
00:54 Farm
00:56 Farm
01:10 Farm
01:34 Farm
03:42 Keep
03:51 Town Hall
04:27 Lumber Mill
04:36 Scout Tower
05:42 Arcane Vault
05:44 Arcane Tower
06:43 Castle
07:15 Gryphon Aviary
07:16 Gryphon Aviary
07:17 Gryphon Aviary
07:45 Gryphon Aviary
08:31 Blacksmith
08:34 Blacksmith
08:40 Farm
08:41 Farm
09:08 Farm
14:01 Farm
14:02 Farm
14:04 Farm
14:04 Farm
14:19 Farm
19:44 Town Hall
19:56 Town Hall
23:51 Town Hall
23:55 Town Hall
26:18 Town Hall
27:57 Town Hall
31:23 Town Hall
50:53 Arcane Vault
» items
| Healing Salve | 1 | |
| Scroll of Regeneration | 3 | |
| Potion of Healing | 2 | |
| Mechanical Critter | 3 | |
| Scroll of Town Portal | 1 | |
| Lesser Clarity Potion | 1 | |
| Potion of Mana | 1 | |
12 total
team 2 (winner)

»
DeN[A]Li (
purple | 92 APM | 590 actions | 06:25)
2 Warden
1 Shadow Strike
1 Blink
» actions
| Assign group hotkey | 14 | |
| Basic commands | 31 | |
| Build / train | 31 | |
| ESC pressed | 3 | |
| Enter build submenu | 8 | |
| Enter hero's abilities submenu | 2 | |
| Right click | 248 | |
| Select / deselect | 100 | |
| Select group hotkey | 105 | |
| Use ability | 48 | |
590 total
» units
» buildings
| Altar of Elders | 1 | |
| Moon Well | 3 | |
| Ancient of War | 1 | |
| Ancient of Wonders | 1 | |
| Tree of Ages | 1 | |
| Hunter's Hall | 1 | |
8 total
» build order
00:19 Altar of Elders
00:34 Moon Well
00:47 Ancient of War
01:37 Moon Well
02:07 Ancient of Wonders
02:51 Moon Well
03:11 Tree of Ages
03:46 Hunter's Hall
J2egulus (
blue | 37 APM | 688 actions | 18:40)
4 Dreadlord
1 Sleep
2 Vampiric Aura
1 Carrion Swarm
3 Lich
2 Frost Nova
1 Frost Armor
» actions
| Build / train | 61 | |
| Enter build submenu | 31 | |
| Enter hero's abilities submenu | 7 | |
| Right click | 290 | |
| Select / deselect | 239 | |
| Use ability | 60 | |
688 total
» units
| Acolyte | 13 | |
| Ghoul | 12 | |
| Goblin Shredder | 1 | |
| Obsidian Statue | 2 | |
| Gargoyle | 8 | |
| Frost Wyrm | 1 | |
| Hippogryph | 8 | |
45 total
» buildings
| Crypt | 3 | |
| Ziggurat | 8 | |
| Altar of Darkness | 1 | |
| Tomb of Relics | 1 | |
| Graveyard | 1 | |
| Nerubian Tower | 1 | |
| Halls of the Dead | 1 | |
| Necropolis | 1 | |
| Sacrificial Pit | 1 | |
| Black Citadel | 1 | |
| Slaughterhouse | 1 | |
| Boneyard | 3 | |
| Spirit Tower | 1 | |
| Ancient of Wind | 2 | |
26 total
» build order
00:24 Crypt
00:29 Ziggurat
00:34 Altar of Darkness
00:57 Tomb of Relics
01:15 Graveyard
01:42 Ziggurat
04:00 Nerubian Tower
04:35 Ziggurat
05:00 Halls of the Dead
08:06 Necropolis
08:35 Sacrificial Pit
08:37 Black Citadel
09:10 Slaughterhouse
09:14 Ziggurat
10:37 Ziggurat
10:40 Ziggurat
10:42 Ziggurat
10:47 Ziggurat
11:07 Boneyard
11:11 Boneyard
11:16 Boneyard
12:29 Spirit Tower
14:14 Crypt
14:31 Crypt
15:07 Ancient of Wind
15:11 Ancient of Wind
» items
| Rod of Necromancy | 1 | |
| Potion of Mana | 1 | |
| Dust of Appearance | 1 | |
3 total
Raperaperape (
red | 79 APM | 4320 actions | 54:45)
7 Archmage
3 Summon Water Elemental
3 Brilliance Aura
1 Mass Teleport
6 Mountain King
3 Storm Bolt
2 Bash
1 Avatar
» actions
| Assign group hotkey | 163 | |
| Basic commands | 100 | |
| Build / train | 242 | |
| ESC pressed | 16 | |
| Enter build submenu | 69 | |
| Enter hero's abilities submenu | 13 | |
| Give item / drop item | 4 | |
| Remove unit from queue | 2 | |
| Right click | 1732 | |
| Select / deselect | 742 | |
| Select group hotkey | 830 | |
| Use ability | 407 | |
4320 total
» units
| Peasant | 23 | |
| Footman | 6 | |
| Goblin Shredder | 3 | |
| Goblin Zeppelin | 3 | |
| Dragonhawk Rider | 5 | |
| Goblin Sapper | 3 | |
| Gryphon Rider | 6 | |
| Knight | 1 | |
| Siege Engine | 1 | |
51 total
» upgrades
| Masonry | 3 | |
| Swords | 3 | |
| Armor | 3 | |
| Animal War Training | 1 | |
| Cloud | 1 | |
| Storm Hammers | 1 | |
| Plating | 3 | |
| Gunpowder | 3 | |
| Backpack | 1 | |
| Lumber Harvesting | 2 | |
| Barrage | 1 | |
| Flak Cannons | 1 | |
| Fragmentation Shards | 1 | |
| Flying Machine Bombs | 1 | |
| Flare | 1 | |
| Long Rifles | 1 | |
| Defend | 1 | |
28 total
» buildings
| Altar of Kings | 1 | |
| Barracks | 1 | |
| Farm | 9 | |
| Arcane Vault | 3 | |
| Town Hall | 2 | |
| Keep | 7 | |
| Scout Tower | 42 | |
| Lumber Mill | 1 | |
| Castle | 3 | |
| Guard Tower | 72 | |
| Gryphon Aviary | 3 | |
| Blacksmith | 1 | |
| Arcane Tower | 3 | |
| Workshop | 3 | |
151 total
» build order
00:38 Altar of Kings
00:40 Barracks
00:51 Farm
01:12 Farm
01:54 Farm
02:16 Arcane Vault
02:36 Farm
03:52 Town Hall
04:47 Keep
04:47 Keep
04:47 Keep
05:44 Scout Tower
05:44 Scout Tower
05:45 Scout Tower
05:46 Scout Tower
06:38 Lumber Mill
07:11 Scout Tower
07:12 Scout Tower
07:12 Scout Tower
07:13 Scout Tower
07:14 Scout Tower
08:00 Castle
08:00 Castle
08:10 Guard Tower
08:11 Guard Tower
08:23 Guard Tower
08:23 Guard Tower
10:29 Scout Tower
10:30 Scout Tower
10:34 Scout Tower
10:36 Scout Tower
10:56 Scout Tower
11:19 Guard Tower
11:20 Guard Tower
11:20 Guard Tower
11:29 Gryphon Aviary
11:30 Gryphon Aviary
11:35 Gryphon Aviary
11:38 Scout Tower
11:39 Scout Tower
11:42 Scout Tower
11:45 Scout Tower
11:55 Scout Tower
11:56 Scout Tower
12:17 Guard Tower
12:18 Guard Tower
12:18 Guard Tower
12:36 Guard Tower
12:37 Guard Tower
12:37 Guard Tower
12:40 Scout Tower
12:41 Scout Tower
12:43 Scout Tower
12:43 Scout Tower
13:10 Guard Tower
13:31 Guard Tower
13:31 Guard Tower
13:31 Guard Tower
13:33 Guard Tower
13:33 Guard Tower
13:33 Guard Tower
13:33 Guard Tower
13:37 Guard Tower
13:38 Guard Tower
13:38 Guard Tower
13:38 Guard Tower
13:41 Guard Tower
13:41 Guard Tower
13:41 Guard Tower
13:50 Blacksmith
14:06 Farm
14:08 Farm
14:23 Farm
15:52 Farm
16:00 Scout Tower
16:00 Scout Tower
16:04 Scout Tower
16:05 Scout Tower
16:06 Scout Tower
16:28 Farm
16:45 Town Hall
17:29 Guard Tower
17:29 Guard Tower
17:30 Scout Tower
17:30 Scout Tower
17:31 Scout Tower
17:32 Scout Tower
17:33 Scout Tower
17:55 Guard Tower
18:03 Scout Tower
18:03 Scout Tower
18:04 Scout Tower
18:13 Guard Tower
18:13 Guard Tower
18:13 Guard Tower
18:41 Guard Tower
18:49 Guard Tower
18:49 Guard Tower
18:49 Guard Tower
18:49 Guard Tower
19:34 Guard Tower
19:34 Guard Tower
19:35 Guard Tower
19:54 Scout Tower
19:57 Scout Tower
21:52 Guard Tower
21:52 Guard Tower
21:54 Keep
21:54 Keep
22:27 Arcane Vault
22:54 Arcane Vault
23:00 Scout Tower
23:01 Scout Tower
23:05 Scout Tower
23:47 Guard Tower
23:47 Guard Tower
23:48 Guard Tower
23:48 Guard Tower
24:37 Castle
27:09 Guard Tower
27:10 Guard Tower
27:10 Guard Tower
27:40 Arcane Tower
27:40 Arcane Tower
27:40 Arcane Tower
46:07 Workshop
46:09 Workshop
46:13 Workshop
» items
| Scroll of Regeneration | 6 | |
| Mechanical Critter | 6 | |
| Ivory Tower | 9 | |
| Lesser Clarity Potion | 1 | |
| Potion of Healing | 2 | |
| Scroll of Town Portal | 2 | |
26 total

»
qcghost91 (
yellow | 22 APM | 456 actions | 20:31)
3 Priestess of the Moon
2 Trueshot Aura
1 Searing Arrows
» actions
| Build / train | 81 | |
| Enter build submenu | 20 | |
| Enter hero's abilities submenu | 4 | |
| Remove unit from queue | 2 | |
| Right click | 146 | |
| Select / deselect | 178 | |
| Use ability | 25 | |
456 total
» units
| Wisp | 31 | |
| Archer | 16 | |
| Huntress | 7 | |
| Dryad | 8 | |
| Hippogryph | 3 | |
65 total
» upgrades
| Strength of the Moon | 2 | |
| Moon Armor | 2 | |
| Ultravision | 1 | |
| Improved Bows | 1 | |
| Abolish Magic | 1 | |
7 total
» buildings
| Altar of Elders | 1 | |
| Moon Well | 10 | |
| Ancient of War | 1 | |
| Ancient of Wonders | 1 | |
| Hunter's Hall | 1 | |
| Tree of Ages | 1 | |
| Ancient of Lore | 1 | |
| Tree of Life | 1 | |
| Ancient of Wind | 2 | |
| Tree of Eternity | 1 | |
20 total
» build order
00:07 Altar of Elders
00:09 Moon Well
00:30 Ancient of War
01:37 Moon Well
02:02 Ancient of Wonders
02:59 Hunter's Hall
03:48 Moon Well
04:32 Tree of Ages
05:31 Moon Well
06:54 Moon Well
07:50 Ancient of Lore
08:15 Tree of Life
10:53 Ancient of Wind
10:57 Ancient of Wind
11:08 Moon Well
11:58 Tree of Eternity
12:13 Moon Well
12:16 Moon Well
12:29 Moon Well
13:55 Moon Well
» items
Chat log
(00:13 / Allies) qcghost91: sup
(00:17 / All) BUTTERFINGER-: is kodos_forsaken the best 4v4 player ever
(00:25 / All) DeN[A]Li: HAHAHAHAHAHHAHAHAHAHAHAHHAHAHAHAHAHAHHAHAHAHAHAHAHHAHAHAHAHAHAHHAHAHAHAHAHAHHAHAHAHAHAHAHHAHAHAHAHAHAHHAHAHAHAHAHAHHA
(00:26 / All) DeN[A]Li: KODOS
(00:32 / All) DeN[A]Li: SHUT THE FUCK UYP ABOUT THAT FAT FAGGOT
(00:44 / All) BUTTERFINGER-: its denali the #1 shit talker on bnet
(00:51 / All) DeN[A]Li: FANBOY
(00:52 / All) KnifeSociety: Kodos isn't bad but I think Lord Farsanky is the greatest 4v4 player ever
(01:02 / All) DeN[A]Li: PINK
(01:07 / All) DeN[A]Li: KNIFE YOURSELF IN THE DICK U DUMB FAGGOT
(01:08 / All) Raperaperape: The Master of the Twilight Zone is the greatest 4v4 player ever
(01:16 / All) KnifeSociety: I'll knife you
(01:20 / All) BUTTERFINGER-: can u guys plz tk purple he is a nigger lover
(01:21 / All) DeN[A]Li: STFU PLS
(01:30 / All) DeN[A]Li: TRYING TO PLAY
(01:39 / All) Raperaperape: you're ne, shouldn't have to try that hard
(01:41 / Allies) qcghost91: units?
(01:45 / All) BUTTERFINGER-: denali are u fierce's aka
(01:48 / All) KnifeSociety: purple is not just a nigger lover, he's also a homo
(01:57 / All) DeN[A]Li: HAHAHAHAHAHHAHAHAHAHAHAHHAHAHAHAHAHAHHAHAHAHAHAHAHHAHAHAHAHAHAHHAHAHAHAHAHAHHAHAHAHAHAHAHHAHAHAHAHAHAHHAHAHAHAHAHAHHA
(02:00 / All) Raperaperape: already sick of this map and first time I unveto it
(02:07 / All) Raperaperape: new map pool fucking sucks
(02:22 / All) KnifeSociety: I like dis map
(02:26 / All) BUTTERFINGER-: where is ur base purple
(02:28 / All) Raperaperape: It has 0 personality
(02:32 / All) DeN[A]Li: YOUR MOMS BEDROOM
(02:34 / All) KnifeSociety: it's got loads
(02:34 / All) DeN[A]Li: LOLOLOLOLOLOLOLOLOLOLOLOLOLOLOLOLOLOLOLOLOLOLOLOLOLOLOLOLOLOLOLOLOLOLOLOLOLOLOLOLOLOLOLOLOLOLOLOLOLOLOLO
(03:11 / All) Raperaperape: generic garbage fullscape copy
(03:59 / Allies) qcghost91: units??
(04:05 / Allies) DeN[A]Li: dryads
(04:07 / Allies) DeN[A]Li: wind
(04:11 / All) BUTTERFINGER-: havent talked to in denali in near 2 yrs and he still talks shit like a nigga
(04:20 / All) DeN[A]Li: LOLOLOLO
(05:33 / Allies) DeN[A]Li: k faggot
(05:35 / Allies) DeN[A]Li: give it back or trk
(05:37 / Allies) DeN[A]Li: i dont give a fuck
(06:05 / Allies) Raperaperape: nice hero
(06:07 / Allies) Raperaperape: stuck
(06:10 / Allies) Raperaperape: you fucking moron
(06:14 / Allies) DeN[A]Li: nice loss
(06:17 / Allies) qcghost91: omg
(06:18 / Allies) Raperaperape: lol
(06:19 / Allies) qcghost91: u suck
(06:21 / All) Raperaperape: Purp is mad I took his robe
(06:23 / Allies) DeN[A]Li: i dont play with faggots
(06:24 / Allies) DeN[A]Li: cya
(06:29 / All) BUTTERFINGER-: lol
(06:31 / All) KnifeSociety: lol
(06:36 / Allies) J2egulus: take purp red
(06:58 / All) Raperaperape: He sure gave up fast
(07:01 / All) Raperaperape: all I took was a robe +6
(07:12 / All) qcghost91: he suck
(07:20 / All) Raperaperape: He got his hero stuck trying to hit my base
(07:26 / All) Raperaperape: he went between the narrow gap between the barracks and altar
(07:27 / All) qcghost91: loool
(07:30 / All) Raperaperape: and i summoned an elemental
(07:35 / All) Raperaperape: and trapped him on the other side with a footie
(07:39 / All) qcghost91: ^^
(07:39 / Allies) J2egulus: wood?
(07:39 / All) Raperaperape: then he gave up and left
(10:32 / Allies) J2egulus: ty
(10:44 / All) qcghost91: np
(13:04 / Allies) J2egulus: move
(13:43 / All) KnifeSociety: oh bullshit lawl
(13:47 / All) qcghost91: hahaha
(13:51 / All) KnifeSociety: Shut up yellow
(13:55 / All) KnifeSociety: I'm going to rape your fucking asshole
(14:20 / All) qcghost91: loooooool
(14:25 / All) KnifeSociety: You're dead
(15:18 / Allies) Raperaperape: wood
(15:26 / Allies) Raperaperape: ty
(16:47 / All) qcghost91: gg
(16:50 / All) qcghost91: my team suck
(16:51 / All) KnifeSociety: LOOOOOOOOL
(16:54 / All) KnifeSociety: YOUI SUCK FAGGOT
(17:00 / All) qcghost91: stfup
(17:04 / All) KnifeSociety: LOL
(17:09 / All) KnifeSociety: YOU SUCK RAPED FUCKING FAGGOT
(17:21 / All) BUTTERFINGER-: yellow plz apologize
(17:27 / All) qcghost91: yhea yhea
(17:29 / All) KnifeSociety: I told you faggot
(17:32 / All) qcghost91: fuck u pink
(17:37 / All) qcghost91: and fuck purp
(17:57 / All) qcghost91: fuck this kids
(18:13 / All) KnifeSociety: leave noobie
(18:15 / Allies) Raperaperape: wood
(18:21 / All) qcghost91: u guys probably 15 and talk behind yo fucking screen
(18:26 / All) KnifeSociety: LOOOOOOL
(18:27 / All) Raperaperape: thought I had a shredder
(18:36 / All) qcghost91: i hope u fucking have ebola
(18:43 / All) KnifeSociety: mess with the best die like the rest noobie
(18:53 / All) qcghost91: LOOOL
(18:56 / All) qcghost91: its a 4v3
(18:58 / All) qcghost91: shut up
(19:00 / All) KnifeSociety: LOOOOOL
(19:03 / All) KnifeSociety: I raped your ass by myself
(19:07 / All) qcghost91: xD!!!!!!
(19:11 / All) KnifeSociety: XD
(19:13 / All) qcghost91: yhea whit oj
(19:18 / All) KnifeSociety: OJ wasn't needed
(19:23 / All) qcghost91: LOOOL
(19:26 / All) KnifeSociety: You're trash
(19:36 / All) KnifeSociety: 33-41 LOL
(19:42 / All) KnifeSociety: 44-54 solo, I'm 40% just tree hiding solo
(19:53 / All) KnifeSociety: look at this trash
(20:05 / All) KnifeSociety: awesome pathfinding
(20:11 / All) qcghost91: looooool
(20:16 / All) qcghost91: ++ fucking moron
(20:26 / All) qcghost91: u are a fucking cancer for society
(20:29 / All) KnifeSociety: LOOOL
(20:35 / All) BUTTERFINGER-: lawl
(20:38 / All) KnifeSociety: lel
(20:43 / All) KnifeSociety: He focused my AM
(20:50 / All) KnifeSociety: and got it because I was going to tp
(20:53 / All) KnifeSociety: but it didn't tp
(21:05 / All) KnifeSociety: I let him get my health down and he lucked boxed into it
(22:19 / All) Raperaperape: hero focusing faggot
(23:28 / All) Raperaperape: orange is a mindless wyrmbot
(24:00 / All) Raperaperape: I'd be level 6/5 if not for hero focusing
(24:05 / All) Raperaperape: That's another reason I fucking hate this map
(24:08 / All) Raperaperape: no invulnerability potions
(24:16 / All) Raperaperape: if they hero focus all you can do is just not use a hero and leave it at your base
(24:33 / All) Raperaperape: I'm vetoing this map right after this
(24:41 / All) BUTTERFINGER-: i wish denali didnt leave
(24:45 / All) BUTTERFINGER-: he always makes it interesting
(24:47 / All) KnifeSociety: There are other methods to deal with hero focusing
(24:49 / All) Raperaperape: he bitched because I stole a +6 robe
(24:56 / All) Raperaperape: and got his hero stuck at my base and lost it
(25:01 / All) KnifeSociety: kite and kill his units
(25:04 / All) Raperaperape: then gave up tking and left since he knew I was better
(25:11 / All) Raperaperape: Can't kite units when they are hitting my base
(25:46 / All) Raperaperape: I had that
(26:22 / All) Raperaperape: thought I wasn't going to get 6 there for a sec
(26:44 / All) KnifeSociety: yeh I should have let you kill the bm when it was low
(26:48 / All) KnifeSociety: but I thought he was running from mme
(27:03 / All) KnifeSociety: since he wind walked after I started attacking and got his bm in red
(27:39 / All) BUTTERFINGER-: ur critter blcked u?
(27:44 / All) Raperaperape: yeah and the farm
(28:07 / All) KnifeSociety: this game woulda been much better if denali didn't puss out
(28:21 / All) Raperaperape: he sucks
(28:27 / All) Raperaperape: watch in the replay where his warden gets stuck lawl
(28:32 / All) KnifeSociety: tael still not upgraded burrows lol
(28:37 / All) BUTTERFINGER-: hes usually an ud player
(28:38 / All) Raperaperape: I hate the pathing on this map too
(28:45 / All) Raperaperape: all the fucking water on the sides fucks with pathing so bad
(28:56 / All) Raperaperape: when I went to tp to my main my hero was way out of palce to bring my army
(29:52 / All) Raperaperape: lucky crit
(30:02 / All) butteryomelet: suck a dick
(30:04 / All) Raperaperape: how much gold do you have to buy your hero back teal?
(30:06 / All) BUTTERFINGER-: lawl
(30:07 / All) Raperaperape: I have 10,000
(30:24 / All) BUTTERFINGER-: teal was in the game on market square with the copy cat euro guy
(30:59 / All) Raperaperape: cute
(31:03 / All) Raperaperape: I already have both heroes back
(31:11 / All) butteryomelet: i just started playing this game like 2 days ago for the first time in 5 years
(31:19 / All) butteryomelet: YOU GUYS R FREAKIN COOL
(31:22 / All) Raperaperape: hahaha
(31:34 / All) BUTTERFINGER-: and it shows, my boy
(31:56 / All) KnifeSociety: I really love mass tp
(32:05 / All) Raperaperape: you can't fast reinforce with it on this shit map either
(32:14 / All) Raperaperape: on good maps you can tp staff to your base, then port to your army
(32:20 / All) Raperaperape: but you have to wait for a cd on this map
(34:13 / All) BUTTERFINGER-: save the little peon
(34:26 / All) Raperaperape: I wish we had the old map pool\
(34:29 / All) Raperaperape: these maps piss me off
(34:43 / All) BUTTERFINGER-: that bashiok is the man to go to
(34:52 / All) BUTTERFINGER-: hes the reason we got a change in 2012
(35:00 / All) Raperaperape: does he still post
(35:09 / All) BUTTERFINGER-: wow forums probably
(36:29 / All) Raperaperape: you can't get boots on this shit map either
(37:39 / All) Raperaperape: why the fuck does he turn around
(37:43 / All) Raperaperape: when my army is there
(37:48 / All) Raperaperape: fucking maphacker
(38:05 / All) KnifeSociety: I think I played a game with him before and he def map hacked
(38:09 / All) KnifeSociety: name is familiar
(38:10 / All) Raperaperape: He 100% has maphack
(38:15 / All) Raperaperape: and he's absolute garbage
(38:16 / All) KnifeSociety: pretty sure
(38:19 / All) KnifeSociety: on cherry ville
(38:22 / All) 300_SPARTA: i owned you
(38:23 / All) KnifeSociety: he pulled acos
(38:28 / All) KnifeSociety: on invis bm
(38:31 / All) 300_SPARTA: you noob couldnt even know where to get a maphack
(38:33 / All) Raperaperape: you could never own us if you tried
(38:45 / All) KnifeSociety: red map hacks too lel
(38:58 / All) 300_SPARTA: all you did was mass towers and expand
(39:01 / All) 300_SPARTA: your tema lost
(39:04 / All) Raperaperape: fucking exterminated
(39:15 / All) BUTTERFINGER-: love tap time
(39:17 / All) Raperaperape: Looks like my team is winning, filth
(40:04 / All) KnifeSociety: teal could you do me a solid?
(40:05 / All) KnifeSociety: leave
(41:34 / All) Raperaperape: wtf happened to all the peasants at my top mine
(41:54 / All) KnifeSociety: maybe they got bored and went off to become photographers
(42:07 / All) Raperaperape: I'm not sure denali killed one unit of mine
(42:10 / All) Raperaperape: maybe exactly one
(42:15 / All) Raperaperape: he sucks
(42:44 / All) Raperaperape: MK without boots sucks big time
(42:52 / All) KnifeSociety: yeh
(42:54 / All) Raperaperape: I have pendant and +6 belt
(42:58 / All) Raperaperape: but it can't reach anyone to use it
(43:01 / All) KnifeSociety: it's good for big battles still
(44:52 / All) KnifeSociety: The arch mage names are stupid
(45:29 / All) Raperaperape: Mine is Conjurus Rex, that sucks
(45:31 / All) Raperaperape: lame latin name
(45:40 / All) KnifeSociety: Like Conjuring King
(45:42 / All) Raperaperape: the king of conjuring, big deal
(45:43 / All) Raperaperape: yeah
(46:04 / All) KnifeSociety: Peril isn't too bad
(46:15 / All) KnifeSociety: Perril would be better that way is isn't exactly Peril
(49:20 / All) KnifeSociety: Teal is really good, 9-9 about to be 9-10
(49:45 / All) KnifeSociety: You can buy this Warcraft win for 10 dollars
(49:47 / All) BUTTERFINGER-: butter
(49:49 / All) KnifeSociety: 5 to me, 5 to red
(50:00 / All) butteryomelet: im gonna go eat dinner and get head from my girlfriend have fun!
(50:04 / All) Raperaperape: The low price of 2 payments of $4.99
(50:10 / All) KnifeSociety: How does that work out
(50:16 / All) KnifeSociety: Your hand can't suck, dude
(52:03 / All) Raperaperape: end it
(52:29 / All) Raperaperape: Dragging on for me and I got to go lawl
(53:10 / All) KnifeSociety: So close to 40k
(54:42 / All) KnifeSociety: 40K, WOOOOOOOOOOOOO